 Dungeon Crawl Stone Soup version 0.25-a0-10-g2fe12d4386 (webtiles) character file.

Game seed: 3640596366916059611, levelgen mode: deterministic

198 Kohma the Sneak (level 5, -3/24 HPs)
             Began as a Spriggan Enchanter on Oct 15, 2019.
             Killed by divine providence
             ... invoked by an orc priest
              (11 damage)
             ... on level 3 of the Dungeon.
             The game lasted 00:09:14 (4767 turns).

Kohma the Sneak (Spriggan Enchanter)                Turns: 4767, Time: 00:09:14

Health: -3/24      AC:  2    Str:  4    XL:     5   Next: 47%
Magic:  1/10       EV: 18    Int: 17    God:
Gold:   189        SH:  0    Dex: 17    Spells: 3/9 levels left

rFire    . . .     SeeInvis +   a - +1 dagger
rCold    . . .     Gourm    .   (shield restricted)
rNeg     . . .     Faith    .   b - +0 robe
rPois    .         Spirit   .   (helmet restricted)
rElec    .         Reflect  .   (no cloak)
rCorr    .         Harm     .   (gloves unavailable)
MR       .....                  (boots unavailable)
Stlth    ++++......             (no amulet)
HPRegen  0.08/turn              (no ring)
MPRegen  0.12/turn              (no ring)

@: very quick
A: very small, unfitting armour, see invisible, herbivore, speed 3, slow
metabolism 2
a: no special abilities


You were on level 3 of the Dungeon.
You were near starving.

You visited 1 branch of the dungeon, and saw 3 of its levels.

You collected 189 gold pieces.

Inventory:

Hand Weapons
 a - a +1 dagger (weapon)
Missiles
 e - 9 poisoned darts (quivered)
 h - 148 stones
Armour
 b - a +0 robe (worn)
Scrolls
 c - 11 scrolls of identify {unknown}
 f - 2 scrolls of fear {unknown}
 j - 2 scrolls of teleportation {unknown}
 k - a scroll of enchant armour {unknown}
 l - 2 scrolls of magic mapping {unknown}
 p - a scroll of remove curse {unknown}
Potions
 g - 4 potions of curing {unknown}
 i - a potion of berserk rage {unknown}
 m - a potion of haste {unknown}
 n - 3 potions of heal wounds {unknown}
 o - a potion of lignification {unknown}
 q - a potion of ambrosia {unknown}
Comestibles
 d - 6 rations


   Skills:
 + Level 4.2 Short Blades
 - Level 3.0 Dodging
 + Level 7.5 Stealth
 - Level 2.6 Spellcasting
 - Level 3.6 Hexes


You had 3 spell levels left.
You knew the following spells:

 Your Spells              Type           Power        Failure   Level  Hunger
a - Corona                Hex            ##.....      4%          1    #......
b - Ensorcelled Hibernat  Hex/Ice        #.....       13%         2    ##.....
c - Confuse               Hex            ##......     12%         3    ###....

Your spell library contained the following spells:

 Spells                   Type           Power        Failure   Level  Hunger
 Tukima's Dance           Hex            ##......     12%         3    ###....
 Dazzling Spray           Conj/Hex       #.....       26%         3    ###....


Dungeon Overview and Level Annotations

Branches:
Dungeon (3/15)

Altars:
Qazlal
Vehumet
Xom
Yredelemnul
Zin

Annotations:
D:3 1 runed translucent door, CryoSword's ghost, amateur DsFi


Innate Abilities, Weirdness & Mutations

You are very small and have problems with some larger weapons.
You are too small for most types of armour.
You have supernaturally acute eyesight. (SInv)
You are a herbivore.
You cover ground extremely quickly.
You need to consume almost no food.


Message History

Aim: an orc, wielding a +0 flail and wearing a +0 leather armour (lightly wounded, chance to defeat MR: 57%)
The orc looks drowsy...
The helpless orc fails to defend itself.
You skewer the orc like a kebab!!!
You kill the orc!
The orc priest hits you with a +0 morningstar!
Things that are here:
a +0 flail; a +0 leather armour
Casting: Ensorcelled Hibernation (safe; 13% risk of failure)
Confirm with . or Enter, or press ? or * to list all spells.
You don't have enough magic to cast that spell.
Unknown command.
Casting: Ensorcelled Hibernation (safe; 13% risk of failure)
Confirm with . or Enter, or press ? or * to list all spells.
You don't have enough magic to cast that spell.
Unknown command.
You closely miss the orc priest.
The orc priest invokes the aid of Beogh against you.
Beogh smites you!
You die...

### #<# #.#
#####.###
#.......#
#.###.#.#
#o#...#.# ##
#@#o### # #.
#[#o.o..# #.
#.###############.
#.................
#################.
##


You could see an orc priest.

Vanquished Creatures
  An orc priest (D:3)
  Terence (D:2)
  Natasha (D:2)
  A worker ant (D:3)
  3 adders
  An ooze (D:1)
  2 worms (D:2)
  2 dart slugs
  2 leopard geckos
  An orc (D:3)
  4 ball pythons
  A giant cockroach (D:1)
  6 hobgoblins
  3 jackals (D:3)
  2 quokkas (D:2)
  8 bats
  A frilled lizard (D:1)
  6 goblins
  5 kobolds
  7 rats
58 creatures vanquished.

Notes
Turn   | Place    | Note
-------+----------+-------------------------------------------
     0 | D:1      | Kohma the Spriggan Enchanter began the quest for the Orb.
     0 | D:1      | Reached XP level 1. HP: 9/9 MP: 5/5
   395 | D:1      | Reached XP level 2. HP: 13/13 MP: 2/6
   405 | D:1      | Reached skill level 5 in Stealth
   469 | D:1      | Learned a level 2 spell: Ensorcelled Hibernation
  1342 | D:1      | Reached XP level 3. HP: 16/16 MP: 8/8
  1453 | D:2      | Found a basalt altar of Yredelemnul.
  1516 | D:2      | Noticed Terence
  1566 | D:1      | Learned a level 3 spell: Confuse
  1786 | D:2      | Killed Terence
  1786 | D:2      | Reached skill level 6 in Stealth
  2068 | D:2      | Found a glowing silver altar of Zin.
  2164 | D:2      | Found a radiant altar of Vehumet.
  2279 | D:2      | Reached XP level 4. HP: 21/21 MP: 4/9
  2503 | D:2      | Noticed Natasha
  2508 | D:2      | Killed Natasha
  2779 | D:2      | Found a faded altar of an unknown god.
  2969 | D:2      | Found a shimmering altar of Xom.
  3139 | D:2      | Found a stormy altar of Qazlal.
  4036 | D:3      | Found a runed translucent door.
  4039 | D:3      | Noticed CryoSword's ghost (amateur DsFi)
  4131 | D:3      | Reached skill level 7 in Stealth
  4131 | D:3      | Reached XP level 5. HP: 22/24 MP: 1/10
  4767 | D:3      | Killed from afar by an orc priest

Levels and vault maps discovered:
D:1:      mrwooster_arrival_statue_2, layout_loops_cross, minmay_cut_off
D:2:      layout_loops_corners, vehumet_crystals, lemuel_round_altar,
          overflow_temple_1_default, old_standard_altar,
          nicolae_qazlal_eye_of_the_storm, chequers_ecumenical_altar_grove,
          uniq_terence, uniq_natasha
D:3:      layout_basic, hellmonk_ghost_happy_afterlife

Skill      XL: |  1  2  3  4  5 |
---------------+----------------+-----
Stealth        | 5 6 7 |  7.5
Short Blades   | 2 3 4 |  4.2
Dodging        | |  3.0
Spellcasting   | |  2.6
Hexes          | |  3.6

Action                   |  1- 3 |  4- 6 || total
-------------------------+-------+-------++-------
Melee: Dagger            |   120 |    78 ||   198
Throw: Dart              |       |     5 ||     5
 Cast: Corona            |     4 |       ||     4
       Ensorcelled Hiber |    29 |    34 ||    63
       Confuse           |     2 |     1 ||     3
 Stab: Sleeping          |    16 |    17 ||    33
       Confused          |     2 |     1 ||     3
       Distracted        |       |     1 ||     1
  Eat: Ration            |       |     2 ||     2
Armor: Robe              |    13 |     8 ||    21
Dodge: Dodged            |   124 |    63 ||   187

Table legend:
 A = Non-vault XP
 B = Vault XP
 C = Vault XP percentage of total XP
 D = Non-vault monster count
 E = Vault monster count
 F = Vault count percentage of total count
                 A         B        C        D         E       F
            +---------+---------+-------+---------+---------+-------
      Total |     206 |      77 |  27.2 |      51 |       7 |  12.1
            +---------+---------+-------+---------+---------+-------
        D:1 |      35 |       6 |  14.6 |      19 |       5 |  20.8
        D:2 |      45 |      71 |  61.2 |      15 |       2 |  11.8
        D:3 |     126 |       0 |   0.0 |      17 |       0 |   0.0
            +---------+---------+-------+---------+---------+-------
